 Dungeon Crawl Stone Soup version 0.17-a0-737-gf0a300a (console) character file.

44 Monkaria the Skirmisher (level 3, -7/30 HPs)
             Began as a Demonspawn Chaos Knight on May 9, 2015.
             Mangled by Natasha (10 damage)
             ... on level 2 of the Dungeon.
             The game lasted 00:01:44 (1369 turns).

Monkaria the Skirmisher (Demonspawn Chaos Knight)   Turns: 1369, Time: 00:01:44

Health: -7/30      AC:  7    Str: 13      XL:     3   Next: 41%
Magic:  3/3        EV: 11    Int: 13      God:    Xom [....*.]
Gold:   26         SH:  2    Dex: 11 (12) Spells: 0 memorised, 2 levels left

rFire  . . .     SeeInvis .     a - +0 falchion (chaos)
rCold  . . .     Clarity  .     b - +2 leather armour
rNeg   . . .     SustAb   .     (no shield)
rPois  .         Gourm    .     (no helmet)
rElec  .         Spirit   .     (no cloak)
rCorr  .         Warding  .     (no gloves)
rMut   .         Stasis   .     (no boots)
MR     .....                    (no amulet)
Stlth  +.........               (no ring)
                                (no ring)

@: not resistant to hostile enchantments, very unstealthy
A: large bone plates 1
a: Renounce Religion


You were on level 2 of the Dungeon.
You worshipped Xom.
You were a beloved toy of Xom.
You were hungry.

You visited 1 branch of the dungeon, and saw 2 of its levels.

You collected 26 gold pieces.

Inventory:

Hand weapons
 a - a +0 falchion of chaos (weapon)
Missiles
 l - 18 poisoned needles
Armour
 b - a +2 leather armour (worn)
Jewellery
 d - a +3 ring of intelligence {unknown}
 e - a cursed ring of loudness {unknown}
 g - a +4 ring of dexterity {unknown}
Scrolls
 h - a scroll of blinking {unknown}
 i - a scroll of identify {unknown}
 j - a scroll of remove curse {unknown}
Potions
 n - a potion of beneficial mutation {unknown}
Comestibles
 c - a bread ration
 k - 2 beef jerkies
 m - 3 chunks of flesh


   Skills:
 + Level 3.8 Fighting
 - Level 3.4 Long Blades
 - Level 1.7 Armour
 - Level 0.8 Dodging


You had 2 spell levels left.
You didn't know any spells.

Dungeon Overview and Level Annotations

Branches:
Dungeon (2/15)

Altars:
Dithmenos

Annotations:
D:2 Natasha


Innate Abilities, Weirdness & Mutations

You are partially covered in large bone plates (AC +2, SH +2).


Message History

Drink which item? (? for menu, Esc to quit)
Okay, then.
You hit Natasha.
Natasha goes berserk!
Natasha is almost dead.
Natasha claws you!
* * * LOW HITPOINT WARNING * * *
Your shadow imp hits Natasha but does no damage.
You closely miss Natasha.
Natasha is almost dead.
Natasha closely misses you. Natasha barely misses you.
The crimson imp blinks!
Your shadow imp completely misses Natasha.
Some of the chunks of flesh in your inventory have rotted away.
Unknown command.
Unknown command.
Unknown command.
You closely miss Natasha.
Natasha is almost dead.
Natasha claws you!
You die...
Xom thinks this is hilarious!

#.#.##.#
#...##.#
##..##.#
####..##.#
#5....##.#
#5###..#.# #.#
##.#.#
######.####.#.#
#...@h5..5#...#
#.####5...##..#
# #....##..#
#.$..###.#
#....# #>#
###### #.# #.#
#.# .


You could see Natasha (berserk), a crimson imp, a white imp and a friendly
shadow imp.

Vanquished Creatures
  An adder (D:2)
  2 bats (D:1)
  4 giant cockroaches
  2 goblins (D:1)
  5 hobgoblins
  4 jackals
  6 kobolds
  2 giant geckos (D:1)
  A giant newt (D:1)
  2 rats (D:1)
29 creatures vanquished.

Vanquished Creatures (collateral kills)
  3 butterflies (D:2)
3 creatures vanquished.

Grand Total: 32 creatures vanquished

Notes
Turn   | Place    | Note
--------------------------------------------------------------
     0 | D:1      | Monkaria, the Demonspawn Chaos Knight, began the quest for the Orb.
     0 | D:1      | Reached XP level 1. HP: 18/18 MP: 1/1
   333 | D:1      | Gained mutation: You are partially covered in large bone plates (AC +2, SH +2). [demonic ancestry]
   333 | D:1      | Reached XP level 2. HP: 12/24 MP: 2/2
   586 | D:1      | XOM: silly message
   718 | D:1      | XOM: harmless Divn miscast
   853 | D:1      | XOM: harmless Air miscast
   897 | D:1      | XOM: silly message
   905 | D:1      | XOM: medium Ice miscast
  1061 | D:1      | XOM: noise
  1132 | D:1      | Reached XP level 3. HP: 19/29 MP: 3/3
  1322 | D:2      | Found a shadowy altar of Dithmenos.
  1329 | D:2      | Noticed Natasha
  1334 | D:2      | XOM: butterfly on damage
  1341 | D:2      | XOM: confusion (+ monsters)
  1362 | D:2      | XOM: summons friendly shadow imp
  1364 | D:2      | XOM: stat loss: -1 Dex (11/12)
  1369 | D:2      | Mangled by Natasha

Action                   || total
-------------------------++-------
Melee: Falchion          ||   124
  Use: Potion            ||     1
  Eat: Chunk             ||     1
